TOP OF THE 1ST |
Long Island Lighthouse batting - Pitching for Buckhead Bowties : RHP Gilberto Medina
|
Pitching: RHP Gilberto Medina
|
|
Batting: RHB Eugene Bennett
|
0-0: Called Strike 0-1: Called Strike 0-2: Ball 1-2: Ball 2-2: Ball 3-2: Strikes out swinging
|
Batting: RHB Mark Toope
|
0-0: Ball 1-0: Ball 2-0: Ball 3-0: Base on Balls
|
Batting: RHB Jonas van Claveren
|
0-0: Ball Passed Ball! Mark Toope to second 1-0: Ball 2-0: Ball 3-0: Fly out, F7 (Line Drive, 7, EV 103.1 MPH)
|
Batting: RHB Oliver Villalva
|
0-0: Foul Ball, location: 2F 0-1: Called Strike 0-2: Ball 1-2: Strikes out swinging
|
Top of the 1st over - 0 runs, 0 hits, 0 errors, 1 left on base; Long Island 0 - Buckhead 0 |
BOTTOM OF THE 1ST |
Buckhead Bowties batting - Pitching for Long Island Lighthouse : RHP Greg Hodge
|
Pitching: RHP Greg Hodge
|
|
Batting: LHB Charles Godard
|
0-0: Ball 1-0: Ball 2-0: Called Strike 2-1: SINGLE (Groundball, 4D, EV 94.4 MPH)
|
Batting: LHB Marcus Shill
|
0-0: Ball 1-0: Called Strike 1-1: Ball 2-1: Swinging Strike 2-2: Ball 3-2: Foul Ball, location: 2F 3-2: Base on Balls Charles Godard to second
|
Batting: LHB Jesús Encarnación
|
0-0: Fielders Choice at 2nd, 6-4 (Groundball, 6MS, EV 78.1 MPH) Charles Godard to third
|
Batting: LHB Spencer Powell
|
0-0: Ball 1-0: Ball 2-0: Ball 3-0: Fly out, F9 (Flyball, 89XD, EV 93.1 MPH) Runner from 3rd tags up, SCORES, no throw by RF
|
Batting: RHB Hugh Mungus
|
0-0: Ball 1-0: Ball 2-0: Ball 3-0: Base on Balls Jesús Encarnación to second
|
Batting: SHB Tony Manzanares
|
0-0: Swinging Strike 0-1: Swinging Strike 0-2: Fly out, F9 (Flyball, 9LS, EV 89.4 MPH)
|
Bottom of the 1st over - 1 run, 1 hit, 0 errors, 2 left on base; Long Island 0 - Buckhead 1 |
TOP OF THE 2ND |
Long Island Lighthouse batting - Pitching for Buckhead Bowties : RHP Gilberto Medina
|
Batting: SHB Vicente Romero
|
0-0: Ball 1-0: Ball 2-0: Ground out 4-3 (Groundball, 4, EV 83.1 MPH)
|
Batting: RHB Carlos Mendoza
|
0-0: Foul Ball, location: 2F 0-1: Ball 1-1: Foul Ball, location: 2F 1-2: Fly out, F9 (Flyball, 89M, EV 91.9 MPH)
|
Batting: LHB Daniel Joseph
|
0-0: Foul Ball, location: 2F 0-1: Ball 1-1: Ball 2-1: Called Strike 2-2: SINGLE (Flyball, 78M, EV 96.2 MPH)
|
Batting: RHB Quan Easterling
|
0-0: Ball 1-0: Called Strike 1-1: Ball 2-1: Foul Ball, location: 2F 2-2: Strikes out swinging
|
Top of the 2nd over - 0 runs, 1 hit, 0 errors, 1 left on base; Long Island 0 - Buckhead 1 |
BOTTOM OF THE 2ND |
Buckhead Bowties batting - Pitching for Long Island Lighthouse : RHP Greg Hodge
|
Batting: RHB Juan Barrón
|
0-0: Ground out 5-3 (Groundball, 56S, EV 66.2 MPH)
|
Batting: RHB Barsati Saraf
|
0-0: Called Strike 0-1: Ball 1-1: Ball 2-1: Ball 3-1: SOLO HOME RUN (Flyball, 7D, EV 101.9 MPH), Distance : 390 ft
|
Batting: RHB César Guerra
|
0-0: Ball 1-0: Ball 2-0: Foul Ball, location: 2F 2-1: SINGLE (Line Drive, 89M, EV 86.2 MPH)
|
Batting: LHB Charles Godard
|
0-0: SINGLE (Groundball, 34D, EV 101.9 MPH) César Guerra to second Runner from 2nd tries for 3rd, SAFE, no throw by RF
|
Batting: LHB Marcus Shill
|
0-0: Ball Charles Godard steals 2nd base (no throw) 1-0: DOUBLE (Groundball, 3D, EV 103.1 MPH) César Guerra scores Charles Godard scores
|
Batting: LHB Jesús Encarnación
|
0-0: Called Strike 0-1: Ball 1-1: Foul Ball, location: 2F 1-2: Ball 2-2: Foul Ball, location: 2F 2-2: SINGLE (Groundball, 6MD, EV 106.2 MPH) Marcus Shill to third Runner from 3rd tries for Home, throw by CF and OUT! 8-2
|
Batting: LHB Spencer Powell
|
0-0: Ball 1-0: Fly out, F6 (Popup, 6, EV 57.5 MPH)
|
Bottom of the 2nd over - 3 runs, 5 hits, 0 errors, 1 left on base; Long Island 0 - Buckhead 4 |
TOP OF THE 3RD |
Long Island Lighthouse batting - Pitching for Buckhead Bowties : RHP Gilberto Medina
|
Batting: RHB Nathan Pruitt
|
0-0: Foul Ball, location: 2F 0-1: DOUBLE (Groundball, 5L, EV 104.4 MPH)
|
Batting: RHB Eugene Bennett
|
0-0: Called Strike 0-1: Ball 1-1: Ball 2-1: Ground out 6-3 (Groundball, 6, EV 76.2 MPH)
|
Batting: RHB Mark Toope
|
0-0: Foul Ball, location: 2F 0-1: Swinging Strike 0-2: Ball 1-2: Ball 2-2: Foul Ball, location: 2F 2-2: Foul Ball, location: 2F 2-2: Foul Ball, location: 2F 2-2: Foul Ball, location: 2F 2-2: Ball 3-2: Foul Ball, location: 2F 3-2: Fly out, F9 (Line Drive, 89M, EV 101.9 MPH)
|
Batting: RHB Jonas van Claveren
|
0-0: Ball 1-0: Ball 2-0: Ball 3-0: Base on Balls
|
Batting: RHB Oliver Villalva
|
0-0: Ball 1-0: Swinging Strike 1-1: Swinging Strike 1-2: Ball 2-2: Foul Ball, location: 2F 2-2: Strikes out swinging
|
Top of the 3rd over - 0 runs, 1 hit, 0 errors, 2 left on base; Long Island 0 - Buckhead 4 |
BOTTOM OF THE 3RD |
Buckhead Bowties batting - Pitching for Long Island Lighthouse : RHP Greg Hodge
|
Batting: RHB Hugh Mungus
|
0-0: Called Strike 0-1: Swinging Strike 0-2: Foul Ball, location: 2F 0-2: Ground out 5-3 (Groundball, 56S, EV 84.4 MPH)
|
Batting: SHB Tony Manzanares
|
0-0: Ball 1-0: Ball 2-0: Foul Ball, location: 2F 2-1: Fly out, F8 (Flyball, 8RM, EV 82.5 MPH)
|
Batting: RHB Juan Barrón
|
0-0: Ball 1-0: Ball 2-0: Fly out, F8 (Line Drive, 8LD, EV 103.8 MPH)
|
Bottom of the 3rd over - 0 runs, 0 hits, 0 errors, 0 left on base; Long Island 0 - Buckhead 4 |
TOP OF THE 4TH |
Long Island Lighthouse batting - Pitching for Buckhead Bowties : RHP Gilberto Medina
|
Batting: SHB Vicente Romero
|
0-0: Ball 1-0: Called Strike 1-1: Called Strike 1-2: Ground out 4-3 (Groundball, 4, EV 86.2 MPH)
|
Batting: RHB Carlos Mendoza
|
0-0: Called Strike 0-1: Foul Ball, location: 2F 0-2: Foul Ball, location: 2F 0-2: Foul Ball, location: 2F 0-2: Strikes out swinging
|
Batting: LHB Daniel Joseph
|
0-0: Swinging Strike 0-1: Ball 1-1: Foul Ball, location: 2F 1-2: Foul Ball, location: 2F 1-2: Foul Ball, location: 2F 1-2: Strikes out looking
|
Top of the 4th over - 0 runs, 0 hits, 0 errors, 0 left on base; Long Island 0 - Buckhead 4 |
BOTTOM OF THE 4TH |
Buckhead Bowties batting - Pitching for Long Island Lighthouse : RHP Greg Hodge
|
Batting: RHB Barsati Saraf
|
0-0: Ball 1-0: Foul Ball, location: 2F 1-1: Swinging Strike 1-2: Ball 2-2: Fly out, F5 (Line Drive, 5, EV 67.5 MPH)
|
Batting: RHB César Guerra
|
0-0: Called Strike 0-1: Ball 1-1: Fly out, F7 (Flyball, 78D, EV 105.0 MPH)
|
Batting: LHB Charles Godard
|
0-0: Ball 1-0: SINGLE (Groundball, 34D, EV 93.8 MPH)
|
Batting: LHB Marcus Shill
|
0-0: Ball 1-0: Ball 2-0: Foul Ball, location: 2F 2-1: Fly out, F7 (Flyball, 78M, EV 85.0 MPH)
|
Bottom of the 4th over - 0 runs, 1 hit, 0 errors, 1 left on base; Long Island 0 - Buckhead 4 |
TOP OF THE 5TH |
Long Island Lighthouse batting - Pitching for Buckhead Bowties : RHP Gilberto Medina
|
Batting: RHB Quan Easterling
|
0-0: Ball 1-0: Swinging Strike 1-1: Ball 2-1: Swinging Strike 2-2: Ball 3-2: Strikes out looking
|
Batting: RHB Nathan Pruitt
|
0-0: Called Strike 0-1: Ground out 3-1 (Groundball, 34, EV 88.8 MPH)
|
Batting: RHB Eugene Bennett
|
0-0: Fly out, F9 (Line Drive, 9, EV 91.2 MPH)
|
Top of the 5th over - 0 runs, 0 hits, 0 errors, 0 left on base; Long Island 0 - Buckhead 4 |
BOTTOM OF THE 5TH |
Buckhead Bowties batting - Pitching for Long Island Lighthouse : RHP Greg Hodge
|
Batting: LHB Jesús Encarnación
|
0-0: Ball 1-0: Called Strike 1-1: Foul Ball, location: 2F 1-2: Foul Ball, location: 2F 1-2: SOLO HOME RUN (Flyball, 9D, EV 111.2 MPH), Distance : 362 ft
|
Batting: LHB Spencer Powell
|
0-0: Ground out 6-3 (Groundball, 6, EV 84.4 MPH)
|
Batting: RHB Hugh Mungus
|
0-0: Called Strike 0-1: Foul Ball, location: 2F 0-2: Ball 1-2: Strikes out looking
|
Batting: SHB Tony Manzanares
|
0-0: Ball 1-0: Ball 2-0: Called Strike 2-1: Ball 3-1: Foul Ball, location: 2F 3-2: SINGLE (Groundball, 34D, EV 95.6 MPH)
|
Batting: RHB Juan Barrón
|
0-0: Called Strike 0-1: Swinging Strike 0-2: Foul Ball, location: 2F 0-2: Foul Ball, location: 2F 0-2: Ball 1-2: Ball 2-2: DOUBLE (Groundball, 5L, EV 99.4 MPH) Tony Manzanares to third Runner from 3rd tries for Home, SAFE, throw by LF to home
|
Pitching: RHP Rook Ellington
|
|
Batting: RHB Barsati Saraf
|
0-0: Called Strike 0-1: Ball 1-1: Ball 2-1: Fly out, F8 (Flyball, 78M, EV 88.1 MPH)
|
Bottom of the 5th over - 2 runs, 3 hits, 0 errors, 1 left on base; Long Island 0 - Buckhead 6 |
TOP OF THE 6TH |
Long Island Lighthouse batting - Pitching for Buckhead Bowties : RHP Gilberto Medina
|
Batting: RHB Mark Toope
|
0-0: Ball 1-0: Foul Ball, location: 2F 1-1: SOLO HOME RUN (Flyball, 89XD, EV 89.4 MPH), Distance : 396 ft
|
Batting: RHB Jonas van Claveren
|
0-0: Ground out 4-3 (Groundball, 4MD, EV 103.8 MPH)
|
Batting: RHB Oliver Villalva
|
0-0: Foul Ball, location: 2F 0-1: Ball 1-1: Foul Ball, location: 2F 1-2: Ball 2-2: Strikes out swinging
|
Batting: SHB Vicente Romero
|
0-0: Fly out, F7 (Line Drive, 7, EV 90.0 MPH)
|
Top of the 6th over - 1 run, 1 hit, 0 errors, 0 left on base; Long Island 1 - Buckhead 6 |
BOTTOM OF THE 6TH |
Buckhead Bowties batting - Pitching for Long Island Lighthouse : RHP Rook Ellington
|
Batting: RHB César Guerra
|
0-0: Ball 1-0: Ball 2-0: Ball 3-0: Called Strike 3-1: Called Strike 3-2: SINGLE (Flyball, 7LS, EV 91.2 MPH)
|
Batting: LHB Charles Godard
|
0-0: Ball 1-0: Fly out, F2 (Popup, 2RF, EV 96.9 MPH)
|
Batting: LHB Marcus Shill
|
0-0: Ball 1-0: Ball 2-0: Ball 3-0: Called Strike 3-1: Fielders Choice at 2nd, 3-6 (Groundball, 3, EV 106.2 MPH)
|
Batting: LHB Jesús Encarnación
|
0-0: Called Strike 0-1: Called Strike 0-2: Foul Ball, location: 2F 0-2: Ball 1-2: Ground out 4-3 (Groundball, 4, EV 85.0 MPH)
|
Bottom of the 6th over - 0 runs, 1 hit, 0 errors, 1 left on base; Long Island 1 - Buckhead 6 |
TOP OF THE 7TH |
Long Island Lighthouse batting - Pitching for Buckhead Bowties : RHP Gilberto Medina
|
Batting: RHB Carlos Mendoza
|
0-0: Ball 1-0: Ball 2-0: Foul Ball, location: 2F 2-1: Fly out, F7 (Flyball, 7S, EV 90.0 MPH)
|
Batting: LHB Daniel Joseph
|
0-0: Called Strike 0-1: Ball 1-1: Foul Ball, location: 2F 1-2: Ball 2-2: SINGLE (Groundball, 5D, EV 109.4 MPH)
|
Pitching: RHP Omar Morales
|
|
Batting: RHB Quan Easterling
|
0-0: Called Strike 0-1: Ball 1-1: SINGLE (Line Drive, 4MD, EV 96.2 MPH) Daniel Joseph to second Runner from 2nd tries for 3rd, SAFE, no throw by CF
|
Batting: RHB Nathan Pruitt
|
0-0: Ball 1-0: Foul Ball, location: 2F 1-1: Swinging Strike 1-2: Strikes out swinging
|
Batting: RHB Eugene Bennett
|
0-0: Ball 1-0: Ground out 4-3 (Groundball, 34, EV 95.6 MPH)
|
Top of the 7th over - 0 runs, 2 hits, 0 errors, 2 left on base; Long Island 1 - Buckhead 6 |
BOTTOM OF THE 7TH |
Buckhead Bowties batting - Pitching for Long Island Lighthouse : RHP Rook Ellington
|
Batting: LHB Spencer Powell
|
0-0: Ball 1-0: Ball 2-0: Ball 3-0: Base on Balls
|
Batting: RHB Hugh Mungus
|
0-0: Fly out, F7 (Flyball, 7LM, EV 96.9 MPH)
|
Batting: SHB Tony Manzanares
|
0-0: Ball 1-0: Called Strike 1-1: SINGLE (Flyball, 9LS, EV 88.8 MPH) Spencer Powell to second Runner from 2nd tries for 3rd, SAFE, throw by RF made to third
|
Batting: RHB Juan Barrón
|
0-0: Hit by Pitch Tony Manzanares to second
|
Batting: RHB Barsati Saraf
|
0-0: Foul Ball, location: 2F 0-1: Called Strike 0-2: Ball 1-2: Foul Ball, location: 2F 1-2: Foul Ball, location: 2F 1-2: Ball 2-2: DOUBLE (Line Drive, 8RXD, EV 98.8 MPH) Spencer Powell scores Tony Manzanares scores Juan Barrón to third Runner from 3rd tries for Home, SAFE, throw by CF to home
|
Batting: RHB César Guerra
|
0-0: Ball 1-0: Called Strike 1-1: Ball 2-1: Foul Ball, location: 2F 2-2: Foul Ball, location: 2F 2-2: Foul Ball, location: 2F 2-2: SINGLE (Line Drive, 7LS, EV 94.4 MPH) Barsati Saraf to third Runner from 3rd tries for Home, SAFE, throw by LF to home César Guerra to second
|
Pinch Hitting: RHB Walke Mehoff
|
0-0: Ball 1-0: Ball 2-0: Ball 3-0: Base on Balls
|
Batting: LHB Marcus Shill
|
0-0: Ball 1-0: Ball 2-0: Ground out U3 (Groundball, 34S, EV 69.4 MPH) César Guerra to third Walke Mehoff to second
|
Batting: LHB Jesús Encarnación
|
0-0: Ball 1-0: Swinging Strike 1-1: Foul Ball, location: 2F 1-2: Ball 2-2: Ball 3-2: Fly out, F8 (Flyball, 8LM, EV 77.5 MPH)
|
Bottom of the 7th over - 4 runs, 3 hits, 0 errors, 2 left on base; Long Island 1 - Buckhead 10 |
TOP OF THE 8TH |
Long Island Lighthouse batting - Pitching for Buckhead Bowties : RHP Omar Morales
|
Now in CF: Jared Schneider
|
|
Now in RF: Walke Mehoff
|
|
Pinch Hitting: RHB Alberto Ramírez
|
0-0: Called Strike 0-1: Foul Ball, location: 2F 0-2: Ball 1-2: Foul Ball, location: 2F 1-2: Strikes out swinging
|
Batting: RHB Jonas van Claveren
|
0-0: Ball 1-0: Ball 2-0: Called Strike 2-1: Ball 3-1: Base on Balls
|
Batting: RHB Oliver Villalva
|
0-0: Ball 1-0: SINGLE (Groundball, 56D, EV 111.9 MPH) Jonas van Claveren to second
|
Batting: SHB Vicente Romero
|
0-0: Swinging Strike 0-1: Ball 1-1: Swinging Strike 1-2: Strikes out looking
|
Batting: RHB Carlos Mendoza
|
0-0: Ball 1-0: Ball 2-0: Swinging Strike 2-1: Foul Ball, location: 2F 2-2: Ground out 6-3 (Groundball, 4M, EV 83.1 MPH)
|
Top of the 8th over - 0 runs, 1 hit, 0 errors, 2 left on base; Long Island 1 - Buckhead 10 |
BOTTOM OF THE 8TH |
Buckhead Bowties batting - Pitching for Long Island Lighthouse : RHP Rook Ellington
|
Now at 1B: Tim Gray
|
|
Batting: LHB Spencer Powell
|
0-0: Ball 1-0: Swinging Strike 1-1: SINGLE (Groundball, 56D, EV 97.5 MPH)
|
Batting: RHB Hugh Mungus
|
0-0: Called Strike 0-1: Ball 1-1: Called Strike 1-2: Foul Ball, location: 2F 1-2: Foul Ball, location: 2F 1-2: Fly out, F7 (Flyball, 7, EV 98.8 MPH)
|
Pitching: RHP James Lendell Basford
|
|
Batting: SHB Tony Manzanares
|
0-0: Called Strike 0-1: Foul Ball, location: 2F 0-2: Strikes out looking
|
Batting: RHB Juan Barrón
|
0-0: Called Strike 0-1: Swinging Strike 0-2: Foul Ball, location: 2F 0-2: Fielders Choice at 2nd, 6-4 (Groundball, 6, EV 78.1 MPH)
|
Bottom of the 8th over - 0 runs, 1 hit, 0 errors, 1 left on base; Long Island 1 - Buckhead 10 |
TOP OF THE 9TH |
Long Island Lighthouse batting - Pitching for Buckhead Bowties : RHP Omar Morales
|
Batting: LHB Daniel Joseph
|
0-0: Ball 1-0: Called Strike 1-1: Swinging Strike 1-2: Strikes out swinging
|
Batting: RHB Quan Easterling
|
0-0: Ball 1-0: Ball 2-0: Ball 3-0: Called Strike 3-1: Ground out 5-3 (Groundball, 56, EV 85.6 MPH)
|
Batting: RHB Nathan Pruitt
|
0-0: Ball 1-0: Ball 2-0: Called Strike 2-1: Swinging Strike 2-2: Strikes out swinging
|
Top of the 9th over - 0 runs, 0 hits, 0 errors, 0 left on base; Long Island 1 - Buckhead 10 |
|